 Dungeon Crawl Stone Soup version 0.30-a0-55-g90e3122c3a (webtiles) character file.

Game seed: 1027150564737829546

356 porpoise the Ruffian (level 6, -1/63 HPs)
             Began as a Troll Delver on Sept 10, 2022.
             Slain by Eustachio
             ... wielding a +0 falchion
              (4 damage)
             ... on level 4 of the Dungeon.
             The game lasted 00:12:52 (2831 turns).

porpoise the Ruffian (Troll Delver)                 Turns: 2831, Time: 00:12:53

Health: -1/63      AC:  4    Str: 21    XL:     6   Next: 36%
Magic:  5/5        EV: 10    Int:  6    God:
Gold:   26         SH:  0    Dex: 13    Spells: 5/5 levels left

rFire   . . .      SeeInvis .      - Unarmed
rCold   . . .      Faith    .    (no shield)
rNeg    . . .      Spirit   .    a - +0 robe
rPois   .          Reflect  .    (helmet restricted)
rElec   .          Harm     .    (no cloak)
rCorr   .          Rampage  .    (gloves unavailable)
Will    .....                    (boots unavailable)
Stlth   ++........               (no amulet)
HPRegen 1.00/turn                (no ring)
MPRegen 0.09/turn                (no ring)

@: no status effects
A: large, unfitting armour, claws 3, regeneration 1, shaggy fur 1, tough skin 1
a: no special abilities


You were on level 4 of the Dungeon.
You visited 1 branch of the dungeon, and saw 5 of its levels.

You collected 156 gold pieces.
You spent 130 gold pieces at shops.

Inventory:

Missiles
 g - 7 javelins (quivered)
 t - 5 poisoned darts
 u - 4 boomerangs
Armour
 a - a +0 robe (worn)
Magical Staves
 l - a staff of fire
Jewellery
 n - an amulet of magic regeneration
 q - a ring of ice
Wands
 f - a wand of digging (10)
Scrolls
 b - a scroll of fog
 c - 2 scrolls of magic mapping
 d - 2 scrolls of fear
 h - a scroll of vulnerability {unknown}
 i - a scroll of teleportation {unknown}
 j - a scroll of enchant weapon {unknown}
 k - a scroll of butterflies {unknown}
 m - a scroll of silence {unknown}
 o - a scroll of brand weapon {unknown}
 s - 2 scrolls of noise {unknown}
Potions
 e - 2 potions of haste
 p - 2 potions of flight
 r - 2 potions of attraction
 v - a potion of resistance
 x - a potion of berserk rage
 z - a potion of curing


   Skills:
 + Level 4.4 Fighting
 - Level 1.5 Dodging
 - Level 3.0 Stealth
 + Level 4.8 Unarmed Combat


You had 5 spell levels left.
You didn't know any spells.
Your spell library contained the following spells:

 Spells                   Type           Power      Damage    Failure   Level
 Portal Projectile        Hex/Tloc       0%         N/A       83%         3
 Tukima's Dance           Hex            0%         N/A       83%         3
 Anguish                  Hex/Necr       0%         N/A       99%         4
 Blade Hands              Tmut           0%         N/A       100%        5
 Enfeeble                 Hex            0%         N/A       100%        7


Dungeon Overview and Level Annotations

Branches:
Dungeon (5/15)
 Temple: D:4-7

Altars:
Nemelex Xobeh

Shops:
D:4 !

Annotations:
D:4 Eustachio


Innate Abilities, Weirdness & Mutations

You are too large for most types of armour.
You have claws for hands.
Your natural rate of healing is unusually fast.
You are covered in fur. (AC +1)
You have tough skin. (AC +1)


Message History

The ufetubus closely misses you. x2
Eustachio says, "My allies will avenge me."
Eustachio barely misses you. The shadow imp hits you.
* * * LOW HITPOINT WARNING * * *
The white imp hits you but does no damage.
You claw Eustachio!
Eustachio is severely wounded.
The ufetubus hits you but does no damage.
The ufetubus hits you.
* * * LOW HITPOINT WARNING * * *
Eustachio closely misses you.
The white imp picks up a beetle and eats it.
The white imp gestures at you. The puff of frost misses you.
The puff of frost hits the ufetubus.
The ufetubus resists.
The shadow imp hits you but does no damage.
The ufetubus barely misses you.
The ufetubus hits you but does no damage.
You scratch Eustachio.
Eustachio is almost dead.
The ufetubus hits you.
* * * LOW HITPOINT WARNING * * *
The ufetubus closely misses you. Eustachio barely misses you.
The shadow imp barely misses you. The white imp hits you.
* * * LOW HITPOINT WARNING * * *
The white imp freezes you.
* * * LOW HITPOINT WARNING * * *
Okay, then.
You barely miss Eustachio.
Eustachio is almost dead.
The ufetubus hits you but does no damage.
The ufetubus closely misses you. Eustachio barely misses you.
The shadow imp hits you but does no damage.
The white imp completely misses you.
You closely miss Eustachio.
Eustachio is almost dead.
The ufetubus hits you.
* * * LOW HITPOINT WARNING * * *
The ufetubus misses you. Eustachio hits you with a +0 falchion.
You die...

##.. .....
....
...#+####
#......#
#......#
#...@..#
#..5@5.#
#....5.#
###.#......#
...........#
###
+##.###.####
....... ..
#.# .......
. #.####
.......
#....###.#
....... ..#
#....'...#


You could see Eustachio, a white imp (summoned), a shadow imp (summoned) and an
ufetubus (summoned).

Vanquished Creatures
  An ice beast (D:3)
  A scorpion (D:4)
  Ijyb (D:4)
  9 adders
  2 gnolls (D:3)
  3 worms
  2 dart slugs (D:1)
  3 endoplasms
  5 giant cockroaches
  4 hobgoblins
  8 jackals
  A quokka (D:1)
  5 ball pythons
  5 bats
  3 frilled lizards
  9 goblins
  7 kobolds
  5 rats
74 creatures vanquished.

Notes
Turn   | Place    | Note
-------+----------+-------------------------------------------
     0 | D:5      | porpoise the Troll Delver began the quest for the Orb.
     0 | D:5      | Reached XP level 1. HP: 22/22 MP: 0/0
     1 | D:5      | Noticed a jelly
   120 | D:1      | Found a faded altar of an unknown god.
   293 | D:1      | Reached XP level 2. HP: 29/29 MP: 1/1
   664 | D:1      | Reached XP level 3. HP: 36/36 MP: 2/2
  1186 | D:2      | Reached XP level 4. HP: 45/45 MP: 3/3
  1612 | D:3      | Noticed an ice beast
  1620 | D:3      | Killed an ice beast
  1621 | D:3      | Reached XP level 5. HP: 42/54 MP: 4/4
  2092 | D:3      | Found a sparkling altar of Nemelex Xobeh.
  2356 | D:4      | Noticed Ijyb
  2369 | D:4      | Killed Ijyb
  2370 | D:4      | Reached XP level 6. HP: 36/62 MP: 5/5
  2730 | D:4      | Found Quqaa's Distillery.
  2739 | D:4      | Bought a potion of heal wounds for 50 gold pieces
  2739 | D:4      | Bought a potion of berserk rage for 50 gold pieces
  2739 | D:4      | Bought a potion of curing for 30 gold pieces
  2808 | D:4      | Noticed Eustachio
  2831 | D:4      | HP: 3/63 [ufetubus[Eustachio] (4)]
  2831 | D:4      | Slain by Eustachio

Illustrated notes

Levels and vault maps discovered:
D:1:      tarquinn_simple_flora_water_d, layout_basic,
          dreamdust_ecumenical_altar_hidden_monk_grotto
D:2:      layout_loops_ring
D:3:      minmay_recursive_quarters, layout_basic,
          nemelex_xobeh_ov_fountains_minmay, chequers_garden
D:4:      layout_basic, lightli_temple_of_fire, serial_shops,
          nicolae_shop_waterfront, uniq_ijyb, uniq_eustachio
D:5:      layout_cave_pools, marbit_many_paths, mainiacjoe_overflow_brackets,
          st_stairs_12, uniq_blork_the_orc

Skill      XL: |  1  2  3  4  5 |
---------------+----------------+-----
Stealth        | 3 |  3.0
Fighting       | 3 4 |  4.4
Unarmed Combat | 3 4 |  4.8
Dodging        | |  1.5

Action                   |  1- 3 |  4- 6 || total
-------------------------+-------+-------++-------
Melee: Unarmed           |   104 |   109 ||   213
       Punch             |     3 |     4 ||     7
Throw: Javelin           |       |     2 ||     2
  Use: Scroll            |       |     4 ||     4
       Potion            |       |     1 ||     1
 Stab: Sleeping          |     4 |     5 ||     9
Armor: Robe              |    39 |    40 ||    79
Dodge: Dodged            |    44 |    71 ||   115

Table legend: (Time is in decaauts)
 A = Elapsed time spent in this place.
 B = Non-inter-level travel time spent in this place.
 C = Inter-level travel time spent in this place.
 D = Time resting spent in this place.
 E = Time spent auto-exploring this place.
 F = Levels seen in this place.
 G = Mean time per level.
                   A        B        C        D        E       F      G
               +--------+--------+--------+--------+--------+-----+--------+
         Total |   2818 |   2777 |     41 |    471 |   1714 |   5 |  563.6 |
       Dungeon |   2818 |   2777 |     41 |    471 |   1714 |   5 |  563.6 |
               +--------+--------+--------+--------+--------+-----+--------+

Top non-repeatable levels by time:
     D:3: 980 daAuts
     D:1: 659 daAuts
     D:2: 615 daAuts
     D:4: 555 daAuts
     D:5: 8 daAuts
